 Dungeon Crawl Stone Soup version 0.27-a0-1191-g601b473118 (webtiles) character file.

Game seed: 14633834117608976748

3 Zonian the Caller (level 1, 0/14 HPs)
             Began as a Ghoul Summoner on May 25, 2021.
             Splashed by a jelly's acid (2 damage)
             ... on level 1 of the Dungeon.
             The game lasted 00:00:31 (38 turns).

Zonian the Caller (Ghoul Summoner)                    Turns: 38, Time: 00:00:31

Health: 0/14       AC:  2    Str: 11    XL:     1   Next: 50%
Magic:  2/2        EV: 12    Int: 10    God:
Gold:   0          SH:  0    Dex:  9    Spells: 2/3 levels left

rFire    . . .     SeeInvis .   (no weapon)
rCold    + . .     Faith    .   (no shield)
rNeg     + + +     Spirit   .   a - +0 robe
rPois    ∞         Reflect  .   (no helmet)
rElec    .         Harm     .   (no cloak)
rCorr    .         Rampage  .   (no gloves)
Will     .....                  (no boots)
Stlth    ++........             (no amulet)
HPRegen  0.00/turn              (no ring)
MPRegen  0.08/turn              (no ring)

@: no status effects
A: claws 1, cold resistance 1, negative energy resistance 3, inhibited
regeneration, torment resistance 2
a: no special abilities


You were on level 1 of the Dungeon.
You visited 1 branch of the dungeon, and saw 1 of its levels.

Inventory:

Armour
 a - a +0 robe (worn)


   Skills:
 + Level 1.7 Dodging
 + Level 2.2 Stealth
 + Level 1.7 Spellcasting
 + Level 3.7 Summonings


You had 2 spell levels left.
You knew the following spells:

 Your Spells              Type           Power      Damage    Failure   Level
a - Summon Small Mammal   Summ           32%        N/A       7%          1

Your spell library contained the following spells:

 Spells                   Type           Power      Damage    Failure   Level
 Call Imp                 Summ           8%         N/A       11%         2
 Call Canine Familiar     Summ           8%         N/A       21%         3
 Summon Guardian Golem    Hex/Summ       4%         N/A       41%         3
 Summon Ice Beast         Ice/Summ       4%         N/A       82%         4
 Summon Lightning Spire   Summ/Air       4%         N/A       82%         4


Dungeon Overview and Level Annotations

Branches:
Dungeon (1/15)

Altars:


Innate Abilities, Weirdness & Mutations

You thrive by killing the living.
You are immune to poison.
You have sharp fingernails.
Your flesh is cold resistant. (rC+)
You are immune to negative energy. (rN+++)
You do not regenerate when monsters are visible.
You are immune to unholy pain and torment.


Message History

The jackal closely misses you.
You barely miss the jackal.
The jackal is almost dead.
The jackal barely misses you.
The jackal bites you but does no damage.
The jelly jiggles.
You scratch the jackal.
You kill the jackal!
You feel better.
Unknown command.
You scratch the rat.
The rat is moderately wounded.
The rat twitches its whiskers.
You scratch the rat.
The rat is heavily wounded.
The rat barely misses you. The rat misses you.
You closely miss the rat.
The rat is heavily wounded.
The rat bites you. The rat barely misses you.
Unknown command.
You barely miss the rat.
The rat is moderately wounded.
The rat barely misses you.
You barely miss the rat.
The rat is moderately wounded.
The rat completely misses you.
You closely miss the rat.
The rat is moderately wounded.
Unknown command.
You scratch the rat.
You kill the rat!
The jelly barely misses you. The jelly misses you.
Unknown command.
You scratch the jelly.
Your claws burn!
* * * LOW HITPOINT WARNING * * *
The jelly is moderately wounded.
The jelly barely misses you.
You scratch the jelly.
Your claws burn!
You die...

############
...........
......J.$.
....JBh.
#######r#######
#......rJ.....#
+⌠....###@...⌠+
#......<......#
#..⌠...>...⌠..#
###+#######'###
... .....
..##..> #..
.... ##. .....


You could see a jelly, 2 endoplasms, a jackal, a giant cockroach and 2 rats.

Vanquished Creatures
  A giant cockroach (D:1)
  A jackal (D:1)
  A rat (D:1)
3 creatures vanquished.

Notes
Turn   | Place    | Note
-------+----------+-------------------------------------------
     0 | D:1      | Zonian the Ghoul Summoner began the quest for the Orb.
     0 | D:1      | Reached XP level 1. HP: 14/14 MP: 2/2
     1 | D:1      | Found a runed translucent door.
    12 | D:1      | Noticed a jelly
    38 | D:1      | Splashed by a jelly's acid

Illustrated notes

Levels and vault maps discovered:
D:1:      dpeg_arrival_caged_fury, layout_rooms

Action                   || total
-------------------------++-------
Melee: Unarmed           ||    21
Armor: Robe              ||     2
Dodge: Dodged            ||    14

Table legend: (Time is in decaauts)
 A = Elapsed time spent in this place.
 B = Non-inter-level travel time spent in this place.
 C = Inter-level travel time spent in this place.
 D = Time resting spent in this place.
 E = Time spent auto-exploring this place.
 F = Levels seen in this place.
 G = Mean time per level.
                   A        B        C        D        E       F      G
               +--------+--------+--------+--------+--------+-----+--------+
         Total |     38 |     38 |      0 |      0 |      9 |   1 |   38.0 |
       Dungeon |     38 |     38 |      0 |      0 |      9 |   1 |   38.0 |
               +--------+--------+--------+--------+--------+-----+--------+

Top non-repeatable levels by time:
     D:1: 38 daAuts
